Tampa Bay Lightning vs St.Louis Blues
(R1)
Created - Tuesday, October 1, 2024 at 10:05
Goals
|
| Tampa Bay Lightning |
2 |
2 |
0 |
4 |
| St.Louis Blues |
1 |
3 |
1 |
5 |
|
Shots
|
| Tampa Bay Lightning |
11 |
9 |
4 |
24 |
| St.Louis Blues |
14 |
13 |
19 |
46 |
|
1st period
1. Tampa Bay Lightning , Trevor Moore 3 (Alexander Kerfoot 4) at 1:14
2. Tampa Bay Lightning , Travis Konecny 17 (Hampus Lindholm 10, Moritz Seider 12) at 12:38
3. St.Louis Blues , Jack Eichel 5 (Elias Pettersson 27, Mark Stone 18) at 18:22
Penalties :
TJ Brodie (TBL) for Tripping (Minor) at 4:26, Moritz Seider (TBL) for Roughing (Minor) at 8:38
2nd period
4. Tampa Bay Lightning , Michael Matheson 3 (Travis Konecny 23, Anze Kopitar 30) at 10:07 (PP)
5. Tampa Bay Lightning , Roope Hintz 20 (Travis Konecny 24, Johnny Gaudreau 16) at 11:37
6. St.Louis Blues , Jack Eichel 6 (Jake Guentzel 25, Elias Pettersson 28) at 11:54 (PP)
7. St.Louis Blues , Claude Giroux 14 (Alex Tuch 12, Elias Lindholm 19) at 12:55
8. St.Louis Blues , Elias Pettersson 13 (Mark Stone 19, Jack Eichel 8) at 16:22
Penalties :
TJ Brodie (TBL) for Delaying the game (Minor) at 6:22, Tage Thompson (STL) for Interference (Minor) at 9:45, Jonathan Huberdeau (TBL) for Cross-checking (Minor) at 11:42
3rd period
9. St.Louis Blues , Jake Guentzel 17 (Alex Pietrangelo 7, Robert Thomas 24) at 4:25
Penalties :
Michael Matheson (TBL) for Slashing (Minor) at 3:32, Dakota Joshua (STL) for Tripping (Minor) at 4:08, Kirill Kaprizov (TBL) for Tripping (Minor) at 4:54, Colton Parayko (STL) for Holding (Minor) at 11:43, Robert Thomas (STL) for Tripping (Minor) at 14:34, Michael Matheson (TBL) for Tripping (Minor) at 18:30
Goalie Stats
Jeremy Swayman (TBL), 41 saves from 46 shots - (0.891), L, 19-6-4, 60:00 minutes
Connor Hellebuyck (STL), 20 saves from 24 shots - (0.833), W, 11-7-2, 60:00 minutes
Players Stats for Tampa Bay Lightning
Player Name G A P +/- PIM S H SB GA TA FO MP PP MP PK MP
------------------------------------------------------------------------------------
Alexander Kerfoot 0 1 1 1 0 1 0 0 0 0 2/6 11:04 0:00 3:48
Anze Kopitar 0 1 1 -3 0 1 2 3 1 1 14/34 17:11 2:21 0:33
Brent Burns 0 0 0 -2 0 1 1 1 0 1 0/0 25:09 2:29 5:14
Darnell Nurse 0 0 0 2 0 1 1 1 0 1 0/0 17:45 1:45 2:09
Dylan Cozens 0 0 0 -1 0 1 2 2 1 0 1/2 14:03 0:09 3:48
Gustav Nyquist 0 0 0 -1 0 2 0 0 0 0 0/0 11:33 1:59 0:00
Hampus Lindholm 0 1 1 -1 0 0 1 3 0 0 0/0 20:02 0:42 4:12
Jack Roslovic 0 0 0 1 0 0 0 1 0 0 0/0 7:00 0:00 0:00
Jason Dickinson 0 0 0 -1 0 1 0 0 0 1 4/12 15:38 0:00 5:16
Johnny Gaudreau 0 1 1 2 0 0 0 1 1 0 0/2 15:35 1:43 0:00
Jonathan Huberdeau 0 0 0 -2 2 0 1 0 0 0 1/1 14:14 0:32 0:00
Kirill Kaprizov 0 0 0 -3 2 2 1 0 0 0 1/5 17:17 2:28 0:17
Michael Matheson 1 0 1 2 4 3 2 0 0 3 0/0 24:09 1:09 3:40
Moritz Seider 0 1 1 -2 2 1 2 1 1 1 0/0 21:17 1:51 4:11
Roope Hintz 1 0 1 2 0 2 0 0 0 0 5/11 15:35 1:43 0:00
TJ Brodie 0 0 0 -1 4 0 0 1 0 0 0/0 12:54 0:44 0:21
Travis Konecny 1 2 3 2 0 3 0 1 0 0 1/1 15:44 1:32 0:00
Trevor Moore 1 0 1 1 0 5 0 0 0 0 1/1 12:07 0:33 4:22
Players Stats for St.Louis Blues
Player Name G A P +/- PIM S H SB GA TA FO MP PP MP PK MP
------------------------------------------------------------------------------------
Alex Pietrangelo 0 1 1 0 0 3 0 1 1 1 0/0 26:46 4:18 0:00
Alex Tuch 0 1 1 1 0 3 1 0 0 0 0/0 14:58 3:32 0:00
Claude Giroux 1 0 1 1 0 2 0 0 0 0 3/5 14:45 4:06 0:00
Colton Parayko 0 0 0 -1 2 2 1 1 0 1 0/0 21:58 0:00 0:54
Dakota Joshua 0 0 0 -2 2 1 1 0 0 0 0/0 9:50 1:04 1:47
Elias Lindholm 0 1 1 1 0 1 0 1 0 0 4/5 16:41 3:29 2:21
Elias Pettersson 1 2 3 1 0 4 1 1 0 0 2/3 21:35 5:12 0:20
Jaccob Slavin 0 0 0 2 0 2 2 2 0 1 0/0 16:41 0:00 2:57
Jack Eichel 2 1 3 1 0 6 0 0 2 1 21/35 21:29 5:28 0:00
Jake Guentzel 1 1 2 1 0 8 1 0 3 0 1/1 17:58 4:35 0:09
Jake Sanderson 0 0 0 3 0 2 1 2 0 0 0/0 17:43 0:46 2:17
Lars Eller 0 0 0 -2 0 1 0 1 1 0 2/4 8:08 0:00 1:34
Logan O'Connor 0 0 0 -2 0 0 0 0 1 0 1/2 8:21 0:00 1:47
Mark Stone 0 2 2 1 0 6 1 1 0 0 1/1 18:01 3:39 0:00
Mikhail Sergachev 0 0 0 -1 0 0 0 0 0 0 0/0 11:21 0:36 0:29
Nick Leddy 0 0 0 -1 0 1 1 1 0 0 0/0 12:24 0:00 2:03
Robert Thomas 0 1 1 1 2 3 0 0 0 0 10/19 18:36 4:35 0:42
Tage Thompson 0 0 0 0 2 1 0 0 0 0 0/0 16:22 3:39 0:00
3 Stars
1 - Jack Eichel (STL)
2 - Elias Pettersson (STL)
3 - Travis Konecny (TBL)
Power Play
Tampa Bay Lightning - 1 on 4 Attempt(s) - 25.00%
St.Louis Blues - 1 on 7 Attempt(s) - 14.29%
Penalty Kill
Tampa Bay Lightning - 6 on 7 Attempt(s) - 85.71%
- Score 0 goal in Penalty Kill
St.Louis Blues - 3 on 4 Attempt(s) - 75.00%
- Score 0 goal in Penalty Kill
Team Stat
Tampa Bay Lightning - Hits : 13 - Faceoff Wins : 30 - Blocked Shots : 15 - Penalty Minutes : 14
St.Louis Blues - Hits : 10 - Faceoff Wins : 45 - Blocked Shots : 11 - Penalty Minutes : 8
Official
Referees : Reid Anderson and Jordan Samuels
Linesman : Joseph Mahon and David Brisebois
Game Notes
No Game Note
Finance
Level 1 -- Attendance: 4403 (73.38%) -- Ticket Income $427,091
Level 2 -- Attendance: 5000 (100.00%) -- Ticket Income $285,000
Level 3 -- Attendance: 2568 (85.60%) -- Ticket Income $87,312
Level 4 -- Attendance: 4479 (89.58%) -- Ticket Income $103,017
Luxury Box -- Attendance: 956 (95.60%) -- Ticket Income $185,464
Game was played at the Scottrade Center.
Total Attendance: 17406 (87.03%)
Total Ticket Income: $1,087,884
Other Income: $380,759
Total Income: $1,468,643
Tampa Bay Lightning
5 vs 5 Forward
Center Left Wing Right Wing Time % Phy DF OF
1 Anze Kopitar Kirill Kaprizov Jonathan Huberdeau 35 0 2 3
2 Roope Hintz Johnny Gaudreau Travis Konecny 30 0 3 2
3 Jason Dickinson Dylan Cozens Gustav Nyquist 20 0 4 1
4 Alexander Kerfoot Jack Roslovic Trevor Moore 15 0 5 0
5 vs 5 Defense
Defense Defense Time % Phy DF OF
1 Moritz Seider Hampus Lindholm 30 1 2 2
2 Michael Matheson Darnell Nurse 30 1 2 2
3 TJ Brodie Brent Burns 25 1 2 2
4 Michael Matheson Brent Burns 15 1 2 2
PowerPlay Forward
Center Left Wing Right Wing Time % Phy DF OF
1 Roope Hintz Johnny Gaudreau Gustav Nyquist 50 1 2 2
2 Anze Kopitar Kirill Kaprizov Travis Konecny 50 1 2 2
PowerPlay Defense
Defense Defense Time % Phy DF OF
1 Michael Matheson Moritz Seider 50 1 2 2
2 Darnell Nurse Brent Burns 50 1 2 2
Penalty Kill 4 Players Forward
Center Wing Time % Phy DF OF
1 Jason Dickinson Trevor Moore 50 1 2 2
2 Dylan Cozens Alexander Kerfoot 50 1 2 2
Penalty Kill 4 Players Defense
Defense Defense Time % Phy DF OF
1 Moritz Seider Brent Burns 50 1 2 2
2 Michael Matheson Hampus Lindholm 50 1 2 2
Penalty Kill - 3 Players Forward
Forward Time % Phy DF OF
1 Anze Kopitar 50 1 2 2
2 Jason Dickinson 50 1 2 2
Penalty Kill - 3 Players Defense
Defense Defense Time % Phy DF OF
1 Michael Matheson Darnell Nurse 50 1 2 2
2 Moritz Seider Brent Burns 50 1 2 2
4 vs 4 Forward
Center Wing Time % Phy DF OF
1 Anze Kopitar Kirill Kaprizov 50 1 2 2
2 Dylan Cozens Travis Konecny 50 1 2 2
4 vs 4 Defense
Defense Defense Time % Phy DF OF
1 Michael Matheson Brent Burns 50 1 2 2
2 Moritz Seider Hampus Lindholm 50 1 2 2
Last Minutes Offensive
Center Left Wing Right Wing Defense Defense
Anze Kopitar Kirill Kaprizov Travis Konecny Michael Matheson Moritz Seider
Last Minutes Defensive
Center Left Wing Right Wing Defense Defense
Anze Kopitar Jason Dickinson Alexander Kerfoot Moritz Seider Michael Matheson
Goaltenders
Starting : Jeremy Swayman
Backup : Darcy Kuemper
Extra Forwards
Normal : Travis Konecny, Anze Kopitar, Trevor Moore - PP : Jonathan Huberdeau, Trevor Moore - PK : Anze Kopitar
Extra Defensemen
Normal : Brent Burns, Michael Matheson, Moritz Seider - PP : Hampus Lindholm - PK : Darnell Nurse, TJ Brodie
Penalty Shots
Trevor Moore, Gustav Nyquist, Alexander Kerfoot, Anze Kopitar, Jonathan Huberdeau
Scratches
None
St.Louis Blues
5 vs 5 Forward
Center Left Wing Right Wing Time % Phy DF OF
1 Jack Eichel Elias Pettersson Mark Stone 40 0 2 3
2 Robert Thomas Jake Guentzel Tage Thompson 30 0 2 3
3 Claude Giroux Alex Tuch Elias Lindholm 25 0 3 2
4 Lars Eller Dakota Joshua Logan O'Connor 5 2 2 1
5 vs 5 Defense
Defense Defense Time % Phy DF OF
1 Colton Parayko Alex Pietrangelo 45 1 2 2
2 Jake Sanderson Jaccob Slavin 35 1 2 2
3 Mikhail Sergachev Nick Leddy 20 1 2 2
4 Nick Leddy Colton Parayko 0 1 2 2
PowerPlay Forward
Center Left Wing Right Wing Time % Phy DF OF
1 Robert Thomas Elias Pettersson Jake Guentzel 60 1 0 4
2 Elias Lindholm Tage Thompson Mark Stone 40 1 0 4
PowerPlay Defense
Defense Defense Time % Phy DF OF
1 Jack Eichel Claude Giroux 60 0 1 4
2 Alex Tuch Alex Pietrangelo 40 0 1 4
Penalty Kill 4 Players Forward
Center Wing Time % Phy DF OF
1 Lars Eller Logan O'Connor 50 1 4 0
2 Elias Lindholm Dakota Joshua 50 1 4 0
Penalty Kill 4 Players Defense
Defense Defense Time % Phy DF OF
1 Jake Sanderson Colton Parayko 50 1 4 0
2 Jaccob Slavin Nick Leddy 50 1 4 0
Penalty Kill - 3 Players Forward
Forward Time % Phy DF OF
1 Elias Lindholm 50 0 5 0
2 Lars Eller 50 0 5 0
Penalty Kill - 3 Players Defense
Defense Defense Time % Phy DF OF
1 Jake Sanderson Colton Parayko 50 0 5 0
2 Nick Leddy Jaccob Slavin 50 0 5 0
4 vs 4 Forward
Center Wing Time % Phy DF OF
1 Jack Eichel Elias Pettersson 50 0 2 3
2 Robert Thomas Jake Guentzel 50 0 2 3
4 vs 4 Defense
Defense Defense Time % Phy DF OF
1 Jake Sanderson Alex Pietrangelo 50 1 2 2
2 Colton Parayko Jaccob Slavin 50 1 2 2
Last Minutes Offensive
Center Left Wing Right Wing Defense Defense
Robert Thomas Elias Pettersson Jake Guentzel Jack Eichel Claude Giroux
Last Minutes Defensive
Center Left Wing Right Wing Defense Defense
Lars Eller Logan O'Connor Elias Lindholm Jake Sanderson Colton Parayko
Goaltenders
Starting : Connor Hellebuyck
Backup : Scott Wedgewood
Extra Forwards
Normal : Robert Thomas, Jake Guentzel, Tage Thompson - PP : Mark Stone, Dakota Joshua - PK : Robert Thomas
Extra Defensemen
Normal : Jake Sanderson, Colton Parayko, Jaccob Slavin - PP : Mikhail Sergachev - PK : Jaccob Slavin, Colton Parayko
Penalty Shots
Elias Pettersson, Tage Thompson, Alex Tuch, Jack Eichel, Jake Guentzel
Scratches
Yanni Gourde (Healthy), Colin Blackwell (Healthy), Adam Pelech (Healthy)
% Time on Ice - Tampa Bay Lightning
Lines # - Real PCT - Wanted PCT - Time Play
Normal Forward
1 - 31% - 35% - 13:55
2 - 32% - 30% - 14:12
3 - 21% - 20% - 9:34
4 - 16% - 15% - 7:00
Normal Defense
1 - 32% - 30% - 14:30
2 - 33% - 30% - 14:37
3 - 24% - 25% - 10:54
4 - 10% - 15% - 4:40
PP Forward
1 - 46% - 50% - 1:59
2 - 54% - 50% - 2:21
PP Defense
1 - 43% - 50% - 1:51
2 - 57% - 50% - 2:29
PK Forward
1 - 49% - 50% - 4:22
2 - 51% - 50% - 4:38
PK Defense
1 - 47% - 50% - 4:15
2 - 53% - 50% - 4:45
PK3 Forward
1 - 43% - 50% - 0:16
2 - 57% - 50% - 0:21
PK3 Defense
1 - 30% - 50% - 0:11
2 - 70% - 50% - 0:26
44 Forward
1 - 37% - 50% - 0:30
2 - 63% - 50% - 0:52
44 Defense
1 - 21% - 50% - 0:17
2 - 79% - 50% - 1:05
Last Minute Offensive - 0:00
Last Minute Defensive - 0:00
Total
Forward - 60:00
Defense - 60:00
|
% Time on Ice - St.Louis Blues
Lines # - Real PCT - Wanted PCT - Time Play
Normal Forward
1 - 33% - 40% - 14:39
2 - 29% - 30% - 12:50
3 - 24% - 25% - 10:39
4 - 15% - 5% - 6:33
Normal Defense
1 - 45% - 45% - 20:18
2 - 31% - 35% - 13:47
3 - 23% - 20% - 10:15
4 - 1% - 0% - 0:21
PP Forward
1 - 59% - 60% - 5:21
2 - 41% - 40% - 3:39
PP Defense
1 - 61% - 60% - 5:28
2 - 39% - 40% - 3:32
PK Forward
1 - 46% - 50% - 1:59
2 - 54% - 50% - 2:21
PK Defense
1 - 53% - 50% - 2:17
2 - 47% - 50% - 2:03
PK3 Forward
1 - 0% - 50%
2 - 0% - 50%
PK3 Defense
1 - 0% - 50%
2 - 0% - 50%
44 Forward
1 - 75% - 50% - 1:29
2 - 25% - 50% - 0:30
44 Defense
1 - 76% - 50% - 1:30
2 - 24% - 50% - 0:29
Last Minute Offensive - 0:00
Last Minute Defensive - 0:00
Total
Forward - 60:00
Defense - 60:00
|
Play-by-Play
1st period
0:01 of 1st period - Jack Eichel wins face-off versus Anze Kopitar in neutral zone.
0:14 of 1st period - Slapshot by Jack Eichel.
0:14 of 1st period - Stopped by Jeremy Swayman without a rebound.
0:15 of 1st period - Robert Thomas wins face-off versus Roope Hintz in Tampa Bay Lightning zone.
0:44 of 1st period - Snap shot by Dylan Cozens.
0:44 of 1st period - Stopped by Connor Hellebuyck with a rebound.
1:12 of 1st period - Snap shot by Trevor Moore.
1:12 of 1st period - Stopped by Connor Hellebuyck with a rebound.
1:14 of 1st period - Snap shot by Trevor Moore.
1:14 of 1st period - Goal by Trevor Moore - Tampa Bay Lightning : 1 - St.Louis Blues : 0.
1:15 of 1st period - Elias Pettersson wins face-off versus Anze Kopitar in neutral zone.
1:22 of 1st period - Slapshot by Jack Eichel.
1:22 of 1st period - Shot Blocked by Anze Kopitar.
1:53 of 1st period - Icing by Alex Pietrangelo.
1:54 of 1st period - Kirill Kaprizov wins face-off versus Robert Thomas in St.Louis Blues zone.
2:01 of 1st period - Wrist shot by Kirill Kaprizov.
2:01 of 1st period - Shot Misses the Net.
2:25 of 1st period - Alexander Kerfoot is hit by Elias Pettersson and loses puck.
2:34 of 1st period - Slapshot by Michael Matheson.
2:34 of 1st period - Shot Blocked by Mark Stone.
2:46 of 1st period - Wrist shot by Elias Lindholm.
2:46 of 1st period - Shot Misses the Net.
2:48 of 1st period - Snap shot by Claude Giroux.
2:48 of 1st period - Stopped by Jeremy Swayman with a rebound.
2:50 of 1st period - Snap shot by Jake Sanderson.
2:50 of 1st period - Shot Blocked by Moritz Seider.
3:40 of 1st period - Wrist shot by Mark Stone.
3:40 of 1st period - Shot Misses the Net.
3:42 of 1st period - Slapshot by Jack Eichel.
3:42 of 1st period - Stopped by Jeremy Swayman without a rebound.
3:43 of 1st period - Claude Giroux wins face-off versus Roope Hintz in Tampa Bay Lightning zone.
3:52 of 1st period - Slapshot by Alex Tuch.
3:52 of 1st period - Stopped by Jeremy Swayman without a rebound.
3:53 of 1st period - Claude Giroux wins face-off versus Johnny Gaudreau in Tampa Bay Lightning zone.
4:02 of 1st period - Snap shot by Alex Tuch.
4:02 of 1st period - Stopped by Jeremy Swayman with a rebound.
4:08 of 1st period - Wrist shot by Claude Giroux.
4:08 of 1st period - Shot Misses the Net.
4:10 of 1st period - Snap shot by Alex Pietrangelo.
4:10 of 1st period - Deflect By Michael Matheson.
4:10 of 1st period - Stopped by Jeremy Swayman with a rebound.
4:12 of 1st period - Slapshot by Colton Parayko.
4:12 of 1st period - Shot Misses the Net.
4:14 of 1st period - Wrist shot by Colton Parayko.
4:14 of 1st period - Shot Misses the Net.
4:16 of 1st period - Slapshot by Colton Parayko.
4:16 of 1st period - Stopped by Jeremy Swayman without a rebound.
4:17 of 1st period - Jack Eichel wins face-off versus Anze Kopitar in Tampa Bay Lightning zone.
4:24 of 1st period - Snap shot by Jack Eichel.
4:24 of 1st period - Shot Blocked by Anze Kopitar.
4:26 of 1st period - Minor Penalty to TJ Brodie for Tripping.
4:27 of 1st period - Robert Thomas wins face-off versus Jason Dickinson in Tampa Bay Lightning zone.
5:58 of 1st period - Icing by Jack Eichel.
5:59 of 1st period - Anze Kopitar wins face-off versus Robert Thomas in St.Louis Blues zone.
6:26 of 1st period - Penalty to TJ Brodie is over, TJ Brodie is back on ice.
7:26 of 1st period - Snap shot by Trevor Moore.
7:26 of 1st period - Stopped by Connor Hellebuyck with a rebound.
7:28 of 1st period - Wrist shot by Hampus Lindholm.
7:28 of 1st period - Shot Blocked by Nick Leddy.
7:30 of 1st period - Wrist shot by Trevor Moore.
7:30 of 1st period - Stopped by Connor Hellebuyck without a rebound.
7:31 of 1st period - Jack Eichel wins face-off versus Kirill Kaprizov in St.Louis Blues zone.
7:38 of 1st period - Wrist shot by Mark Stone.
7:38 of 1st period - Shot Misses the Net.
8:17 of 1st period - Wrist shot by Johnny Gaudreau.
8:17 of 1st period - Shot Blocked by Jaccob Slavin.
8:19 of 1st period - Slapshot by Brent Burns.
8:19 of 1st period - Stopped by Connor Hellebuyck with a rebound.
8:21 of 1st period - Wrist shot by Travis Konecny.
8:21 of 1st period - Stopped by Connor Hellebuyck without a rebound.
8:22 of 1st period - Jack Eichel wins face-off versus Johnny Gaudreau in St.Louis Blues zone.
8:38 of 1st period - Minor Penalty to Moritz Seider for Roughing.
8:39 of 1st period - Robert Thomas wins face-off versus Jason Dickinson in Tampa Bay Lightning zone.
9:05 of 1st period - Dylan Cozens is hit by Mark Stone and loses puck.
9:16 of 1st period - Snap shot by Mark Stone.
9:16 of 1st period - Shot Misses the Net.
10:38 of 1st period - Penalty to Moritz Seider is over, Moritz Seider is back on ice.
10:56 of 1st period - Off-side.
10:57 of 1st period - Anze Kopitar wins face-off versus Logan O'Connor in neutral zone.
11:20 of 1st period - Mark Stone is hit by Moritz Seider and loses puck.
12:32 of 1st period - Wrist shot by Travis Konecny.
12:32 of 1st period - Shot Misses the Net.
12:34 of 1st period - Slapshot by Johnny Gaudreau.
12:34 of 1st period - Shot Blocked by Lars Eller.
12:36 of 1st period - Slapshot by Moritz Seider.
12:36 of 1st period - Shot Misses the Net.
12:38 of 1st period - Slapshot by Hampus Lindholm.
12:38 of 1st period - Deflect By Travis Konecny.
12:38 of 1st period - Goal by Travis Konecny - Tampa Bay Lightning : 2 - St.Louis Blues : 0.
12:39 of 1st period - Anze Kopitar wins face-off versus Jack Eichel in neutral zone.
13:26 of 1st period - Wrist shot by Alex Tuch.
13:26 of 1st period - Stopped by Jeremy Swayman with a rebound.
13:28 of 1st period - Slapshot by Colton Parayko.
13:28 of 1st period - Deflect By Alex Tuch.
13:28 of 1st period - Shot Misses the Net.
13:28 of 1st period - Puck is out of play.
13:29 of 1st period - Alexander Kerfoot wins face-off versus Claude Giroux in Tampa Bay Lightning zone.
13:33 of 1st period - Off-side.
13:34 of 1st period - Anze Kopitar wins face-off versus Jack Eichel in neutral zone.
14:10 of 1st period - Wrist shot by Jake Guentzel.
14:10 of 1st period - Shot Misses the Net.
14:22 of 1st period - Wrist shot by Lars Eller.
14:22 of 1st period - Shot Misses the Net.
14:30 of 1st period - Slapshot by Dylan Cozens.
14:30 of 1st period - Deflect By Gustav Nyquist.
14:30 of 1st period - Shot Blocked by Alex Pietrangelo.
14:30 of 1st period - Puck is out of play.
14:31 of 1st period - Jack Eichel wins face-off versus Anze Kopitar in St.Louis Blues zone.
14:46 of 1st period - Snap shot by Mark Stone.
14:46 of 1st period - Stopped by Jeremy Swayman with a rebound.
14:48 of 1st period - Snap shot by Jack Eichel.
14:48 of 1st period - Stopped by Jeremy Swayman without a rebound.
14:49 of 1st period - Robert Thomas wins face-off versus Alexander Kerfoot in Tampa Bay Lightning zone.
15:16 of 1st period - Colton Parayko is hit by Jonathan Huberdeau and loses puck.
16:27 of 1st period - Wrist shot by Dakota Joshua.
16:27 of 1st period - Shot Misses the Net.
16:47 of 1st period - Anze Kopitar is hit by Jaccob Slavin and loses puck.
18:08 of 1st period - Wrist shot by Elias Pettersson.
18:08 of 1st period - Stopped by Jeremy Swayman without a rebound.
18:09 of 1st period - Jack Eichel wins face-off versus Anze Kopitar in Tampa Bay Lightning zone.
18:10 of 1st period - Backhand shot by Elias Pettersson.
18:10 of 1st period - Shot Misses the Net.
18:12 of 1st period - Wrist shot by Jack Eichel.
18:12 of 1st period - Shot Blocked by Hampus Lindholm.
18:14 of 1st period - Slapshot by Jaccob Slavin.
18:14 of 1st period - Shot Misses the Net.
18:22 of 1st period - Slapshot by Jack Eichel.
18:22 of 1st period - Goal by Jack Eichel - Tampa Bay Lightning : 2 - St.Louis Blues : 1.
18:23 of 1st period - Jack Eichel wins face-off versus Anze Kopitar in neutral zone.
18:26 of 1st period - Snap shot by Mark Stone.
18:26 of 1st period - Stopped by Jeremy Swayman without a rebound.
18:27 of 1st period - Jack Eichel wins face-off versus Anze Kopitar in Tampa Bay Lightning zone.
18:42 of 1st period - Wrist shot by Kirill Kaprizov.
18:42 of 1st period - Shot Misses the Net.
18:44 of 1st period - Wrist shot by Jonathan Huberdeau.
18:44 of 1st period - Shot Blocked by Elias Pettersson.
18:56 of 1st period - Snap shot by Gustav Nyquist.
18:56 of 1st period - Stopped by Connor Hellebuyck with a rebound.
18:58 of 1st period - Slapshot by Darnell Nurse.
18:58 of 1st period - Stopped by Connor Hellebuyck with a rebound.
19:03 of 1st period - Snap shot by Michael Matheson.
19:03 of 1st period - Stopped by Connor Hellebuyck with a rebound.
19:05 of 1st period - Wrist shot by Dylan Cozens.
19:05 of 1st period - Shot Blocked by Colton Parayko.
19:23 of 1st period - Johnny Gaudreau is hit by Jake Guentzel and loses puck.
19:34 of 1st period - Colton Parayko is hit by Hampus Lindholm and loses puck.
19:41 of 1st period - Slapshot by Alex Pietrangelo.
19:41 of 1st period - Shot Misses the Net.
19:56 of 1st period - Slapshot by Alex Pietrangelo.
19:56 of 1st period - Shot Blocked by Hampus Lindholm.
19:58 of 1st period - Slapshot by Colton Parayko.
19:58 of 1st period - Stopped by Jeremy Swayman with a rebound.
Goals for this period are 2 for Tampa Bay Lightning vs 1 for St.Louis Blues.
Shots for this period are 11 for Tampa Bay Lightning vs 14 for St.Louis Blues.
2nd period
0:01 of 2nd period - Jack Eichel wins face-off versus Anze Kopitar in neutral zone.
0:39 of 2nd period - Gustav Nyquist is hit by Colton Parayko and loses puck.
1:14 of 2nd period - Snap shot by Kirill Kaprizov.
1:14 of 2nd period - Stopped by Connor Hellebuyck without a rebound.
1:15 of 2nd period - Jack Eichel wins face-off versus Kirill Kaprizov in St.Louis Blues zone.
1:15 of 2nd period - Jack Eichel is hit by Moritz Seider.
2:04 of 2nd period - Off-side.
2:05 of 2nd period - Jason Dickinson wins face-off versus Claude Giroux in neutral zone.
2:39 of 2nd period - Wrist shot by Gustav Nyquist.
2:39 of 2nd period - Stopped by Connor Hellebuyck without a rebound.
2:40 of 2nd period - Anze Kopitar wins face-off versus Jack Eichel in St.Louis Blues zone.
3:07 of 2nd period - Travis Konecny is hit by Jake Sanderson and loses puck.
3:14 of 2nd period - Backhand shot by Roope Hintz.
3:14 of 2nd period - Shot Blocked by Jake Sanderson.
4:59 of 2nd period - Wrist shot by Tage Thompson.
4:59 of 2nd period - Stopped by Jeremy Swayman without a rebound.
5:00 of 2nd period - Jason Dickinson wins face-off versus Robert Thomas in Tampa Bay Lightning zone.
5:11 of 2nd period - Snap shot by Gustav Nyquist.
5:11 of 2nd period - Shot Misses the Net.
6:22 of 2nd period - Minor Penalty to TJ Brodie for Delaying the game.
6:23 of 2nd period - Robert Thomas wins face-off versus Jason Dickinson in Tampa Bay Lightning zone.
7:32 of 2nd period - Icing by Tage Thompson.
7:33 of 2nd period - Elias Lindholm wins face-off versus Jason Dickinson in St.Louis Blues zone.
8:22 of 2nd period - Penalty to TJ Brodie is over, TJ Brodie is back on ice.
8:33 of 2nd period - Moritz Seider is hit by Dakota Joshua and loses puck.
9:12 of 2nd period - Mikhail Sergachev is hit by Michael Matheson and loses puck.
9:27 of 2nd period - Alex Tuch is hit by Anze Kopitar and loses puck.
9:45 of 2nd period - Minor Penalty to Tage Thompson for Interference.
9:46 of 2nd period - Roope Hintz wins face-off versus Lars Eller in St.Louis Blues zone.
9:57 of 2nd period - Wrist shot by Elias Lindholm.
9:57 of 2nd period - Deflect By Dakota Joshua.
9:57 of 2nd period - Shot Misses the Net.
9:57 of 2nd period - Puck is out of play.
9:58 of 2nd period - Anze Kopitar wins face-off versus Elias Lindholm in Tampa Bay Lightning zone.
10:03 of 2nd period - Slapshot by Travis Konecny.
10:03 of 2nd period - Shot Misses the Net.
10:05 of 2nd period - Slapshot by Travis Konecny.
10:05 of 2nd period - Shot Blocked by Elias Lindholm.
10:07 of 2nd period - Slapshot by Michael Matheson.
10:07 of 2nd period - Goal by Michael Matheson - Tampa Bay Lightning : 3 - St.Louis Blues : 1.
10:08 of 2nd period - Jack Eichel wins face-off versus Anze Kopitar in neutral zone.
10:36 of 2nd period - Snap shot by Travis Konecny.
10:36 of 2nd period - Shot Misses the Net.
10:47 of 2nd period - Off-side.
10:48 of 2nd period - Jack Eichel wins face-off versus Alexander Kerfoot in neutral zone.
10:51 of 2nd period - Brent Burns is hit by Jaccob Slavin and loses puck.
11:25 of 2nd period - Wrist shot by Anze Kopitar.
11:25 of 2nd period - Stopped by Connor Hellebuyck without a rebound.
11:26 of 2nd period - Roope Hintz wins face-off versus Jack Eichel in St.Louis Blues zone.
11:35 of 2nd period - Snap shot by Travis Konecny.
11:35 of 2nd period - Stopped by Connor Hellebuyck with a rebound.
11:37 of 2nd period - Snap shot by Roope Hintz.
11:37 of 2nd period - Goal by Roope Hintz - Tampa Bay Lightning : 4 - St.Louis Blues : 1.
11:38 of 2nd period - Jack Eichel wins face-off versus Anze Kopitar in neutral zone.
11:42 of 2nd period - Minor Penalty to Jonathan Huberdeau for Cross-checking.
11:43 of 2nd period - Robert Thomas wins face-off versus Jason Dickinson in Tampa Bay Lightning zone.
11:52 of 2nd period - Wrist shot by Jake Guentzel.
11:52 of 2nd period - Stopped by Jeremy Swayman with a rebound.
11:54 of 2nd period - Slapshot by Jack Eichel.
11:54 of 2nd period - Goal by Jack Eichel - Tampa Bay Lightning : 4 - St.Louis Blues : 2.
11:55 of 2nd period - Anze Kopitar wins face-off versus Jack Eichel in neutral zone.
11:58 of 2nd period - Jack Eichel is hit by Anze Kopitar and loses puck.
12:53 of 2nd period - Wrist shot by Alex Tuch.
12:53 of 2nd period - Shot Misses the Net.
12:55 of 2nd period - Slapshot by Claude Giroux.
12:55 of 2nd period - Goal by Claude Giroux - Tampa Bay Lightning : 4 - St.Louis Blues : 3.
12:56 of 2nd period - Jack Eichel wins face-off versus Anze Kopitar in neutral zone.
13:10 of 2nd period - Snap shot by Elias Pettersson.
13:10 of 2nd period - Stopped by Jeremy Swayman without a rebound.
13:11 of 2nd period - Travis Konecny wins face-off versus Robert Thomas in Tampa Bay Lightning zone.
14:30 of 2nd period - Snap shot by Jack Roslovic.
14:30 of 2nd period - Shot Blocked by Jaccob Slavin.
15:49 of 2nd period - Snap shot by Lars Eller.
15:49 of 2nd period - Deflect By Dakota Joshua.
15:49 of 2nd period - Shot Misses the Net.
15:49 of 2nd period - Puck is out of play.
15:50 of 2nd period - Roope Hintz wins face-off versus Lars Eller in Tampa Bay Lightning zone.
15:59 of 2nd period - Colton Parayko is hit by Michael Matheson and loses puck.
16:06 of 2nd period - Wrist shot by Lars Eller.
16:06 of 2nd period - Stopped by Jeremy Swayman without a rebound.
16:07 of 2nd period - Jack Eichel wins face-off versus Anze Kopitar in Tampa Bay Lightning zone.
16:20 of 2nd period - Slapshot by Mark Stone.
16:20 of 2nd period - Shot Misses the Net.
16:22 of 2nd period - Slapshot by Elias Pettersson.
16:22 of 2nd period - Goal by Elias Pettersson - Tampa Bay Lightning : 4 - St.Louis Blues : 4.
16:23 of 2nd period - Jonathan Huberdeau wins face-off versus Jack Eichel in neutral zone.
16:26 of 2nd period - Slapshot by Michael Matheson.
16:26 of 2nd period - Stopped by Connor Hellebuyck without a rebound.
16:27 of 2nd period - Anze Kopitar wins face-off versus Jack Eichel in St.Louis Blues zone.
16:34 of 2nd period - Wrist shot by Jack Eichel.
16:34 of 2nd period - Deflect By Mark Stone.
16:34 of 2nd period - Stopped by Jeremy Swayman without a rebound.
16:35 of 2nd period - Anze Kopitar wins face-off versus Jack Eichel in Tampa Bay Lightning zone.
16:40 of 2nd period - Snap shot by Mark Stone.
16:40 of 2nd period - Stopped by Jeremy Swayman without a rebound.
16:41 of 2nd period - Anze Kopitar wins face-off versus Jack Eichel in Tampa Bay Lightning zone.
17:28 of 2nd period - Snap shot by Trevor Moore.
17:28 of 2nd period - Stopped by Connor Hellebuyck without a rebound.
17:29 of 2nd period - Jack Eichel wins face-off versus Alexander Kerfoot in St.Louis Blues zone.
17:46 of 2nd period - Wrist shot by Jack Eichel.
17:46 of 2nd period - Shot Blocked by Jack Roslovic.
17:58 of 2nd period - Wrist shot by Moritz Seider.
17:58 of 2nd period - Shot Misses the Net.
18:21 of 2nd period - Snap shot by Kirill Kaprizov.
18:21 of 2nd period - Stopped by Connor Hellebuyck without a rebound.
18:22 of 2nd period - Robert Thomas wins face-off versus Anze Kopitar in St.Louis Blues zone.
18:29 of 2nd period - Snap shot by Robert Thomas.
18:29 of 2nd period - Shot Blocked by Darnell Nurse.
18:31 of 2nd period - Snap shot by Tage Thompson.
18:31 of 2nd period - Shot Misses the Net.
18:55 of 2nd period - Snap shot by Jake Guentzel.
18:55 of 2nd period - Stopped by Jeremy Swayman with a rebound.
18:57 of 2nd period - Wrist shot by Jake Guentzel.
18:57 of 2nd period - Deflect By Tage Thompson.
18:57 of 2nd period - Shot Blocked by Anze Kopitar.
18:57 of 2nd period - Puck is out of play.
18:58 of 2nd period - Jack Eichel wins face-off versus Roope Hintz in Tampa Bay Lightning zone.
19:05 of 2nd period - Wrist shot by Elias Pettersson.
19:05 of 2nd period - Stopped by Jeremy Swayman without a rebound.
19:06 of 2nd period - Roope Hintz wins face-off versus Jack Eichel in Tampa Bay Lightning zone.
19:18 of 2nd period - Off-side.
19:19 of 2nd period - Elias Pettersson wins face-off versus Anze Kopitar in neutral zone.
19:53 of 2nd period - Snap shot by Jake Sanderson.
19:53 of 2nd period - Shot Misses the Net.
19:55 of 2nd period - Slapshot by Jake Sanderson.
19:55 of 2nd period - Stopped by Jeremy Swayman with a rebound.
19:57 of 2nd period - Wrist shot by Elias Pettersson.
19:57 of 2nd period - Deflect By Jack Eichel.
19:57 of 2nd period - Stopped by Jeremy Swayman with a rebound.
19:59 of 2nd period - Snap shot by Mark Stone.
19:59 of 2nd period - Shot Misses the Net.
Goals for this period are 2 for Tampa Bay Lightning vs 3 for St.Louis Blues.
Shots for this period are 9 for Tampa Bay Lightning vs 13 for St.Louis Blues.
3rd period
0:01 of 3rd period - Jack Eichel wins face-off versus Kirill Kaprizov in neutral zone.
0:26 of 3rd period - Elias Lindholm is hit by Dylan Cozens and loses puck.
0:53 of 3rd period - Wrist shot by Johnny Gaudreau.
0:53 of 3rd period - Shot Blocked by Jake Sanderson.
1:17 of 3rd period - Snap shot by Jack Eichel.
1:17 of 3rd period - Shot Misses the Net.
2:05 of 3rd period - Slapshot by Elias Lindholm.
2:05 of 3rd period - Shot Misses the Net.
2:07 of 3rd period - Slapshot by Alex Pietrangelo.
2:07 of 3rd period - Stopped by Jeremy Swayman with a rebound.
2:09 of 3rd period - Snap shot by Elias Lindholm.
2:09 of 3rd period - Shot Misses the Net.
2:19 of 3rd period - Alex Pietrangelo is hit by Brent Burns and loses puck.
2:51 of 3rd period - Wrist shot by Claude Giroux.
2:51 of 3rd period - Shot Misses the Net.
3:15 of 3rd period - Slapshot by Claude Giroux.
3:15 of 3rd period - Shot Blocked by Dylan Cozens.
3:17 of 3rd period - Wrist shot by Claude Giroux.
3:17 of 3rd period - Shot Misses the Net.
3:19 of 3rd period - Snap shot by Alex Pietrangelo.
3:19 of 3rd period - Stopped by Jeremy Swayman without a rebound.
3:20 of 3rd period - Jack Eichel wins face-off versus Anze Kopitar in Tampa Bay Lightning zone.
3:21 of 3rd period - Wrist shot by Mark Stone.
3:21 of 3rd period - Stopped by Jeremy Swayman with a rebound.
3:23 of 3rd period - Snap shot by Mark Stone.
3:23 of 3rd period - Deflect By Jonathan Huberdeau.
3:23 of 3rd period - Shot Misses the Net.
3:23 of 3rd period - Puck is out of play.
3:24 of 3rd period - Jack Eichel wins face-off versus Anze Kopitar in Tampa Bay Lightning zone.
3:32 of 3rd period - Minor Penalty to Michael Matheson for Slashing.
3:33 of 3rd period - Robert Thomas wins face-off versus Dylan Cozens in Tampa Bay Lightning zone.
3:37 of 3rd period - Snap shot by Jake Guentzel.
3:37 of 3rd period - Shot Misses the Net.
3:49 of 3rd period - Backhand shot by Jake Guentzel.
3:49 of 3rd period - Shot Blocked by Hampus Lindholm.
4:08 of 3rd period - Minor Penalty to Dakota Joshua for Tripping.
4:09 of 3rd period - Robert Thomas wins face-off versus Kirill Kaprizov in St.Louis Blues zone.
4:21 of 3rd period - Snap shot by Jake Guentzel.
4:21 of 3rd period - Shot Misses the Net.
4:23 of 3rd period - Snap shot by Jake Guentzel.
4:23 of 3rd period - Stopped by Jeremy Swayman with a rebound.
4:25 of 3rd period - Snap shot by Jake Guentzel.
4:25 of 3rd period - Goal by Jake Guentzel - Tampa Bay Lightning : 4 - St.Louis Blues : 5.
4:26 of 3rd period - Dylan Cozens wins face-off versus Jack Eichel in neutral zone.
4:39 of 3rd period - Snap shot by Dylan Cozens.
4:39 of 3rd period - Shot Misses the Net.
4:41 of 3rd period - Slapshot by Moritz Seider.
4:41 of 3rd period - Stopped by Connor Hellebuyck without a rebound.
4:42 of 3rd period - Robert Thomas wins face-off versus Anze Kopitar in St.Louis Blues zone.
4:51 of 3rd period - Icing by Jaccob Slavin.
4:52 of 3rd period - Anze Kopitar wins face-off versus Robert Thomas in St.Louis Blues zone.
4:54 of 3rd period - Minor Penalty to Kirill Kaprizov for Tripping.
4:55 of 3rd period - Anze Kopitar wins face-off versus Jack Eichel in Tampa Bay Lightning zone.
5:05 of 3rd period - Backhand shot by Jason Dickinson.
5:05 of 3rd period - Stopped by Connor Hellebuyck without a rebound.
5:06 of 3rd period - Jack Eichel wins face-off versus Jason Dickinson in St.Louis Blues zone.
5:32 of 3rd period - Penalty to Michael Matheson is over, Michael Matheson is back on ice.
6:08 of 3rd period - Penalty to Dakota Joshua is over, Dakota Joshua is back on ice.
6:54 of 3rd period - Penalty to Kirill Kaprizov is over, Kirill Kaprizov is back on ice.
7:07 of 3rd period - Slapshot by Jake Sanderson.
7:07 of 3rd period - Stopped by Jeremy Swayman with a rebound.
7:09 of 3rd period - Snap shot by Dakota Joshua.
7:09 of 3rd period - Deflect By Elias Pettersson.
7:09 of 3rd period - Shot Blocked by Dylan Cozens.
7:09 of 3rd period - Puck is out of play.
7:10 of 3rd period - Roope Hintz wins face-off versus Robert Thomas in Tampa Bay Lightning zone.
7:10 of 3rd period - Roope Hintz is hit by Nick Leddy.
7:36 of 3rd period - Darnell Nurse is hit by Alex Tuch and loses puck.
8:17 of 3rd period - Snap shot by Elias Lindholm.
8:17 of 3rd period - Shot Misses the Net.
8:19 of 3rd period - Snap shot by Tage Thompson.
8:19 of 3rd period - Deflect By Jake Guentzel.
8:19 of 3rd period - Stopped by Jeremy Swayman without a rebound.
8:20 of 3rd period - Jake Guentzel wins face-off versus Roope Hintz in Tampa Bay Lightning zone.
8:23 of 3rd period - Snap shot by Robert Thomas.
8:23 of 3rd period - Shot Blocked by TJ Brodie.
8:25 of 3rd period - Slapshot by Jaccob Slavin.
8:25 of 3rd period - Stopped by Jeremy Swayman with a rebound.
8:27 of 3rd period - Wrist shot by Jake Guentzel.
8:27 of 3rd period - Shot Blocked by Travis Konecny.
8:29 of 3rd period - Snap shot by Jaccob Slavin.
8:29 of 3rd period - Shot Blocked by Brent Burns.
8:31 of 3rd period - Slapshot by Jaccob Slavin.
8:31 of 3rd period - Stopped by Jeremy Swayman with a rebound.
8:33 of 3rd period - Snap shot by Jake Guentzel.
8:33 of 3rd period - Stopped by Jeremy Swayman without a rebound.
8:34 of 3rd period - Anze Kopitar wins face-off versus Robert Thomas in Tampa Bay Lightning zone.
9:13 of 3rd period - Wrist shot by Elias Lindholm.
9:13 of 3rd period - Shot Blocked by Johnny Gaudreau.
10:38 of 3rd period - Snap shot by Roope Hintz.
10:38 of 3rd period - Stopped by Connor Hellebuyck with a rebound.
11:05 of 3rd period - Snap shot by Dakota Joshua.
11:05 of 3rd period - Stopped by Jeremy Swayman without a rebound.
11:06 of 3rd period - Anze Kopitar wins face-off versus Jack Eichel in Tampa Bay Lightning zone.
11:43 of 3rd period - Minor Penalty to Colton Parayko for Holding.
11:44 of 3rd period - Elias Lindholm wins face-off versus Anze Kopitar in St.Louis Blues zone.
11:53 of 3rd period - Robert Thomas is hit by Kirill Kaprizov and loses puck.
12:37 of 3rd period - Icing by Jonathan Huberdeau.
12:38 of 3rd period - Logan O'Connor wins face-off versus Anze Kopitar in Tampa Bay Lightning zone.
12:56 of 3rd period - Icing by Brent Burns.
12:57 of 3rd period - Elias Lindholm wins face-off versus Roope Hintz in Tampa Bay Lightning zone.
13:00 of 3rd period - Snap shot by Dakota Joshua.
13:00 of 3rd period - Shot Misses the Net.
13:43 of 3rd period - Penalty to Colton Parayko is over, Colton Parayko is back on ice.
13:52 of 3rd period - Off-side.
13:53 of 3rd period - Trevor Moore wins face-off versus Jack Eichel in neutral zone.
14:34 of 3rd period - Minor Penalty to Robert Thomas for Tripping.
14:35 of 3rd period - Lars Eller wins face-off versus Roope Hintz in St.Louis Blues zone.
14:46 of 3rd period - Elias Lindholm is hit by Darnell Nurse and loses puck.
15:06 of 3rd period - Off-side.
15:07 of 3rd period - Lars Eller wins face-off versus Anze Kopitar in neutral zone.
16:34 of 3rd period - Penalty to Robert Thomas is over, Robert Thomas is back on ice.
16:39 of 3rd period - Off-side.
16:40 of 3rd period - Alexander Kerfoot wins face-off versus Elias Pettersson in neutral zone.
17:10 of 3rd period - Off-side.
17:11 of 3rd period - Jason Dickinson wins face-off versus Robert Thomas in neutral zone.
17:30 of 3rd period - Snap shot by Robert Thomas.
17:30 of 3rd period - Stopped by Jeremy Swayman with a rebound.
17:32 of 3rd period - Slapshot by Robert Thomas.
17:32 of 3rd period - Stopped by Jeremy Swayman with a rebound.
17:34 of 3rd period - Backhand shot by Jake Guentzel.
17:34 of 3rd period - Stopped by Jeremy Swayman with a rebound.
17:38 of 3rd period - Backhand shot by Jake Guentzel.
17:38 of 3rd period - Shot Misses the Net.
17:40 of 3rd period - Slapshot by Robert Thomas.
17:40 of 3rd period - Shot Misses the Net.
17:42 of 3rd period - Slapshot by Jake Guentzel.
17:42 of 3rd period - Shot Misses the Net.
17:44 of 3rd period - Slapshot by Nick Leddy.
17:44 of 3rd period - Stopped by Jeremy Swayman with a rebound.
17:46 of 3rd period - Snap shot by Robert Thomas.
17:46 of 3rd period - Stopped by Jeremy Swayman with a rebound.
17:56 of 3rd period - Slapshot by Jake Guentzel.
17:56 of 3rd period - Shot Misses the Net.
18:18 of 3rd period - Snap shot by Jake Guentzel.
18:18 of 3rd period - Stopped by Jeremy Swayman with a rebound.
18:20 of 3rd period - Snap shot by Tage Thompson.
18:20 of 3rd period - Shot Misses the Net.
18:22 of 3rd period - Wrist shot by Robert Thomas.
18:22 of 3rd period - Deflect By Tage Thompson.
18:22 of 3rd period - Shot Misses the Net.
18:22 of 3rd period - Puck is out of play.
18:23 of 3rd period - Claude Giroux wins face-off versus Alexander Kerfoot in Tampa Bay Lightning zone.
18:28 of 3rd period - Wrist shot by Alex Tuch.
18:28 of 3rd period - Shot Misses the Net.
18:30 of 3rd period - Minor Penalty to Michael Matheson for Tripping.
18:31 of 3rd period - Elias Lindholm wins face-off versus Jason Dickinson in Tampa Bay Lightning zone.
18:38 of 3rd period - Slapshot by Mark Stone.
18:38 of 3rd period - Stopped by Jeremy Swayman without a rebound.
18:39 of 3rd period - Mark Stone wins face-off versus Jason Dickinson in Tampa Bay Lightning zone.
18:48 of 3rd period - Wrist shot by Elias Lindholm.
18:48 of 3rd period - Stopped by Jeremy Swayman without a rebound.
18:49 of 3rd period - Jared Bednar call a timeout for Tampa Bay Lightning.
18:49 of 3rd period - Jason Dickinson wins face-off versus Robert Thomas in Tampa Bay Lightning zone.
19:16 of 3rd period - Jack Eichel is hit by Dylan Cozens and loses puck.
19:27 of 3rd period - Slapshot by Alexander Kerfoot.
19:27 of 3rd period - Stopped by Connor Hellebuyck with a rebound.
Goals for this period are 0 for Tampa Bay Lightning vs 1 for St.Louis Blues.
Shots for this period are 4 for Tampa Bay Lightning vs 19 for St.Louis Blues.
Back to the Top